 Dungeon Crawl Stone Soup version 0.25.1-2-g60ff931df9 (webtiles) character file.

Game seed: 8862250305056646364

7140 DogServant the Transmogrifier (level 11, -12/86 HPs)
             Began as a Merfolk Transmuter on Oct 18, 2020.
             Was a High Priest of Okawaru.
             Mangled by a two-headed ogre
             ... wielding a cursed -3 giant club
              (27 damage)
             ... on level 10 of the Dungeon.
             The game lasted 00:20:51 (12632 turns).

DogServant the Transmogrifier (Merfolk Transmuter) Turns: 12632, Time: 00:20:52

Health: -12/86     AC:  2    Str: 11    XL:     11   Next: 10%
Magic:  10/14      EV: 18    Int: 14    God:    Okawaru [*****.]
Gold:   389        SH:  5    Dex: 16    Spells: 3/14 levels left

rFire    . . .     SeeInvis .     - Unarmed
rCold    + . .     Gourm    .   (shield currently unavailable)
rNeg     . . .     Faith    .   b - +0 robe
rPois    .         Spirit   .   (no helmet)
rElec    .         Reflect  +   (no cloak)
rCorr    +         Harm     .   (gloves currently unavailable)
MR       .....                  (no boots)
Stlth    ++........             n - amulet of reflection
HPRegen  0.24/turn              i - ring of resist corrosion
MPRegen  0.14/turn              x - ring of protection from cold

@: blade hands (expiring)
A: change form in water, swift swim, stealthy swim
a: End Transformation, Heroism, Finesse, Renounce Religion


You were on level 10 of the Dungeon.
You worshipped Okawaru.
Okawaru was extremely pleased with you.
You were not hungry.
You had blades for hands.
You visited 2 branches of the dungeon, and saw 11 of its levels.
You also visited: Ossuary.

You collected 389 gold pieces.

Inventory:

Missiles
 a - a throwing net
 k - 20 poisoned darts (quivered)
 m - 127 arrows
 E - 8 curare-tipped darts
Armour
 b - a +0 robe (worn)
 w - a +0 cloak
 C - a +0 ring mail
Jewellery
 i - a ring of resist corrosion (left scythe-like blade)
 n - an amulet of reflection (around neck)
 q - an uncursed amulet of the acrobat
 x - a ring of protection from cold (right scythe-like blade)
Wands
 y - a wand of acid (4)
 z - a wand of disintegration (13)
 A - a wand of flame (22)
Scrolls
 f - a scroll of magic mapping
 g - 5 scrolls of remove curse
 l - 5 scrolls of teleportation
 s - a scroll of enchant weapon
 v - a scroll of fear {unknown}
 B - 2 scrolls of identify
 D - a scroll of fog {unknown}
 G - a scroll of vulnerability {unknown}
 H - a scroll of blinking
 I - a scroll of amnesia
Potions
 c - 3 potions of heal wounds
 e - a potion of brilliance
 h - 2 potions of flight
 j - 5 potions of lignification
 o - a potion of might
 p - 2 potions of mutation {unknown}
 r - 7 potions of curing
 t - 2 potions of cancellation {unknown}
 u - a potion of resistance {unknown}
Comestibles
 d - 11 rations
 F - a chunk of flesh


   Skills:
 - Level 8.0 Fighting
 + Level 2.1 Armour
 - Level 8.2 Dodging
 - Level 2.4 Stealth
 + Level 11.1 Unarmed Combat
 - Level 2.0 Spellcasting
 - Level 11.2 Transmutations
 + Level 3.2 Invocations


You had 3 spell levels left.
You knew the following spells:

 Your Spells              Type           Power        Failure   Level  Hunger
a - Beastly Appendage     Tmut           ####..       9%          1    ##.....
b - Sticks to Snakes      Tmut           ####....     11%         2    ###....
c - Spider Form           Tmut/Pois      ###.......   38%         3    ####...
d - Blade Hands           Tmut           ####......   36%         5    ######.

Your spell library contained the following spells:

 Spells                   Type           Power        Failure   Level  Hunger
 Apportation              Tloc           #.....       67%         1    ##.....
 Summon Butterflies       Summ           #.......     67%         1    ##.....
 Lesser Beckoning         Tloc           #.........   90%         3    ####...
 Tukima's Dance           Hex            #.......     90%         3    ####...
 Ice Form                 Ice/Tmut       ###.....     67%         4    #####..
 Alistair's Intoxication  Tmut/Pois      ###.....     89%         5    ######.
 Invisibility             Hex            #.......     100%        6    #######


Dungeon Overview and Level Annotations

Branches:
Dungeon (10/15)            Temple (1/1) D:4         Ossuary (visited)
   Lair: D:8-11         Orc: D:9-12

Altars:
Ashenzari
Cheibriados
Dithmenos
Elyvilon
Fedhas
Gozag
Hepliaklqana
Kikubaaqudgha
Makhleb
Nemelex Xobeh
Okawaru
Qazlal
Ru
Sif Muna
Trog
Uskayaw
Vehumet
Wu Jian
Xom
Yredelemnul
Zin
The Shining One

Shops:
D:8 =   D:9 *

Annotations:
D:4 1 runed translucent door, Crazy Yiuf
D:9 3 runed translucent doors


Message History

The two-headed ogre is blasted!
Something hits you. Something barely misses you.
The vampire casts a spell.
The vampire flickers and vanishes!
You slash the two-headed ogre! Your slash misses the two-headed ogre.
The two-headed ogre is heavily wounded.
Something hits you. You block the two-headed ogre's attack.
The two-headed ogre hits you with a +0 giant spiked club!
* * * LOW HITPOINT WARNING * * *
Something closely misses you.
You slice the two-headed ogre!!
The two-headed ogre is almost dead.
Something barely misses you.
You hit the two-headed ogre but do no damage.
The two-headed ogre is almost dead.
Something hits you!
* * * LOW HITPOINT WARNING * * *
The two-headed ogre completely misses you.
The two-headed ogre hits you with a +0 giant spiked club!!
You die...

#.# #. #.# ##. .# #.#
..###.. #.# #.....##### ##.#
#.>... ...# ##..# ##....
##.##########.#.#
####....####...##.......###.
#.........O@.#....######.#..
##.......####...#### ##...
...?.....## ##.## #...
.#.O......# #.# #...
#...V...<# #.# #...
.......V..# #.# #.<.
.#####.#..# #.# #... #.#..#
#.# #########.#. #.#..# #.#
#.......#.#.


You could see a two-headed ogre.

Vanquished Creatures
  Harold (D:8)
  Pikel (D:7)
  Psyche (D:10)
  A centaur skeleton (D:10)
  2 hippogriffs
  A spriggan (D:8)
  Grum (D:8)
  A hungry ghost (D:8)
  Duvessa (D:5)
  2 orc warriors (D:10)
  2 ice beasts
  A sky beast (D:6)
  2 black bears
  2 ogres
  3 phantoms
  3 wolves (D:8)
  4 centaurs
  5 elf zombies (Ossuary)
  A gnoll sergeant (D:9)
  3 bullfrogs
  Dowan (D:5)
  2 scorpions
  3 wights (D:8)
  A howler monkey (D:4)
  5 crimson imps
  A bullfrog zombie (D:5)
  5 centaur zombies
  8 hounds
  4 human zombies (Ossuary)
  4 jellies
  2 bullfrog skeletons
  5 orc wizards
  3 orc priests
  A gnoll shaman (D:4)
  9 worker ants
  A hound zombie (D:7)
  2 hound skeletons
  3 mummies (Ossuary)
  7 gnolls
  9 adders
  A howler monkey skeleton (D:7)
  An ooze (D:1)
  2 dart slugs
  A leopard gecko (D:3)
  26 orcs
  7 bats
  4 giant cockroaches
  7 goblins
  6 hobgoblins
  9 jackals
  4 kobolds
  2 ball pythons
  5 frilled lizards
  A hobgoblin zombie (D:6)
  A leopard gecko skeleton (D:4)
  A leopard gecko zombie (D:7)
  An orc zombie (D:6)
  A quokka skeleton (D:4)
  7 rats
201 creatures vanquished.

Vanquished Creatures (collateral kills)
  2 worker ants (D:4)
  A gnoll (D:4)
  An adder (D:3)
  A leopard gecko (D:3)
5 creatures vanquished.

Grand Total: 206 creatures vanquished

Notes
Turn   | Place    | Note
-------+----------+-------------------------------------------
     0 | D:1      | DogServant the Merfolk Transmuter began the quest for the
                  | Orb.
     0 | D:1      | Reached XP level 1. HP: 15/15 MP: 3/3
   312 | D:1      | Reached XP level 2. HP: 21/21 MP: 3/5
  1077 | D:1      | Reached XP level 3. HP: 22/26 MP: 4/6
  2459 | D:3      | Learned a level 2 spell: Sticks to Snakes
  2473 | D:3      | Found a bloodstained altar of Trog.
  2834 | D:3      | Reached XP level 4. HP: 26/32 MP: 2/7
  3480 | D:4      | Found a stormy altar of Qazlal.
  3489 | D:4      | Noticed a phantom
  3493 | D:4      | Reached XP level 5. HP: 23/37 MP: 8/8
  3672 | D:4      | Reached skill level 5 in Unarmed Combat
  3759 | D:4      | Killed a phantom
  3759 | D:4      | Reached skill level 5 in Dodging
  3759 | D:4      | Reached skill level 5 in Transmutations
  3759 | D:4      | Reached XP level 6. HP: 18/43 MP: 1/9
  4067 | D:4      | Found a staircase to the Ecumenical Temple.
  4087 | Temple   | Entered the Ecumenical Temple
  4212 | Temple   | Became a worshipper of Warmaster Okawaru
  4373 | D:4      | Reached XP level 7. HP: 31/48 MP: 10/10
  4688 | D:4      | Found a runed translucent door.
  4689 | D:4      | Noticed Crazy Yiuf
  4770 | D:5      | Entered Level 5 of the Dungeon
  4801 | D:5      | Noticed Duvessa
  4801 | D:5      | Noticed Dowan
  4822 | D:5      | Learned a level 3 spell: Spider Form
  4830 | D:5      | Killed Duvessa
  4839 | D:5      | Killed Dowan
  5204 | D:5      | Reached * piety under Okawaru
  5486 | D:5      | Reached XP level 8. HP: 38/54 MP: 7/11
  5870 | D:6      | Learned a level 5 spell: Blade Hands
  5896 | D:6      | Found a sand-covered staircase.
  5910 | Ossuary  | Entered an ossuary
  6915 | Ossuary  | Reached ** piety under Okawaru
  6958 | D:6      | Reached XP level 9. HP: 23/63 MP: 4/12
  8659 | D:7      | Reached skill level 5 in Fighting
  8731 | D:7      | Noticed Pikel
  8741 | D:7      | Killed Pikel
  8741 | D:7      | Reached *** piety under Okawaru
  9073 | D:8      | Found Bikkat's Jewellery Shop.
  9086 | D:8      | Reached skill level 10 in Transmutations
  9087 | D:8      | Reached XP level 10. HP: 76/76 MP: 7/13
  9571 | D:8      | Reached skill level 10 in Unarmed Combat
  9600 | D:8      | Noticed Grum
  9848 | D:8      | Killed Grum
  9848 | D:8      | Reached **** piety under Okawaru
 10135 | D:8      | Noticed Harold
 10151 | D:8      | Killed Harold
 11188 | D:9      | Found a runed translucent gate.
 11188 | D:9      | Found a runed translucent gate.
 11188 | D:9      | Found a runed translucent gate.
 11190 | D:9      | Noticed a white ugly thing
 11191 | D:9      | Noticed a brown ugly thing
 11191 | D:9      | Noticed a red very ugly thing
 11192 | D:9      | Noticed a white ugly thing
 11192 | D:9      | Noticed a white ugly thing
 11194 | D:9      | Noticed a white ugly thing
 11255 | D:9      | Found a sacrificial altar of Ru.
 11256 | D:9      | Found a hide-covered altar of Uskayaw.
 11256 | D:9      | Found a white marble altar of Elyvilon.
 11258 | D:9      | Found a shimmering altar of Xom.
 11258 | D:9      | Found a radiant altar of Vehumet.
 11258 | D:9      | Found a hazy altar of Hepliaklqana.
 11312 | D:9      | Found a sparkling altar of Nemelex Xobeh.
 11383 | D:9      | Found Oleotz's Assorted Antiques.
 11444 | D:9      | Reached skill level 1 in Stealth
 11448 | D:9      | Reached skill level 1 in Invocations
 11714 | D:10     | Entered Level 10 of the Dungeon
 12052 | D:10     | Reached skill level 1 in Armour
 12054 | D:10     | Noticed Psyche
 12067 | D:10     | Killed Psyche
 12067 | D:10     | Reached ***** piety under Okawaru
 12100 | D:10     | Reached XP level 11. HP: 48/86 MP: 8/14
 12619 | D:10     | Noticed a two-headed ogre
 12632 | D:10     | Mangled by a two-headed ogre

Illustrated notes

Levels and vault maps discovered:
D:1:      minmay_arrival_split_and_join, layout_basic, minmay_strange_pillars
D:2:      layout_loops_corners, serial_co_window_serial, co_window_corner_a,
          co_window_paths_a, co_window_corner_a, co_window_paths_a,
          co_window_paths_a, co_window_corner_cb, co_window_broadway_b,
          co_window_broadway_c, co_window_4corner_b, glass_columns_a
D:3:      layout_rooms, lemuel_coloured_pillars_altar, patterned_corridor
D:4:      layout_basic, lemuel_round_altar, minmay_temple_entry_mist,
          guppyfry_early_orc_mine, uniq_crazy_yiuf_cottage
D:5:      layout_loops_ring, first_ration, uniq_duvessa
D:6:      layout_cave_pools, enter_ossuary_3
D:7:      layout_rooms, uniq_pikel
D:8:      layout_basic, the_bakery, minmay_shop_enchanted_jewellery,
          uniq_harold, uniq_grum
D:9:      layout_basic, grunt_temple_overflow_open, serial_shops,
          nicolae_shop_overgrown_old_shop,
          ploomutoo_gammafunk_ghost_potion_laboratory
D:10:     layout_loops_ring, david_lair_shrubbed, david_orc_3, serial_shops,
          kennysheep_mini, uniq_psyche
Temple:   cyrus_circular_temple

Skill      XL: |  1  2  3  4  5  6  7  8  9 10 11 |
---------------+----------------------------------+-----
Dodging        | 3 4 5 7 8 |  8.2
Transmutations | 3 4 5 7 8 10 11 | 11.2
Unarmed Combat | 4 5 6 8 9 10 11 | 11.1
Fighting       | 3 6 8 |  8.0
Stealth        | 2 |  2.4
Invocations    | 2 3 |  3.2
Armour         | 1 2 |  2.1
Spellcasting   | |  2.0

Action                   |  1- 3 |  4- 6 |  7- 9 | 10-12 || total
-------------------------+-------+-------+-------+-------++-------
Melee: Unarmed           |   117 |   133 |   436 |   163 ||   849
       Punch             |     3 |     3 |     7 |     3 ||    16
       Headbutt          |    12 |    22 |    28 |     3 ||    65
Throw: Dart              |       |       |     1 |     2 ||     3
 Cast: Beastly Appendage |    20 |    15 |    20 |     5 ||    60
       Sticks to Snakes  |     1 |     9 |     2 |     2 ||    14
       Spider Form       |       |       |    24 |     1 ||    25
       Blade Hands       |       |       |     3 |    19 ||    22
Evoke: Wand              |       |       |       |     2 ||     2
  Use: Scroll            |       |     7 |     9 |       ||    16
       Potion            |       |     1 |       |       ||     1
 Stab: Sleeping          |     5 |       |     1 |     2 ||     8
  Eat: Chunk             |     6 |     3 |    15 |     9 ||    33
       Ration            |       |     1 |     2 |     3 ||     6
Armor: Robe              |    21 |     7 |     8 |     4 ||    40
       Skin              |       |       |     3 |     1 ||     4
Dodge: Dodged            |    81 |    92 |   302 |   123 ||   598
Block: Other             |       |       |     7 |    47 ||    54
       Reflection        |       |       |       |     1 ||     1
